 Dungeon Crawl Stone Soup version 0.28.0-56-g4927b6849a (webtiles) character file.

Game seed: 14994257868133368262

60110 Atelerd the Unseen (level 14, -8/88 HPs)
             Began as an Octopode Earth Elementalist on Jan 29, 2023.
             Was an Elder of Sif Muna.
             Killed from afar by a fire giant (22 damage)
             ... with a bolt of fire
             ... on level 12 of the Dungeon on Jan 30, 2023.
             The game lasted 01:04:00 (28087 turns).

Atelerd the Unseen (Octopode Earth Elementalist)   Turns: 28087, Time: 01:04:01

Health: -8/88      AC:  1    Str:  7    XL:     14   Next: 98%
Magic:  15/32      EV: 19    Int: 21    God:    Sif Muna [****..]
Gold:   1927       SH:  0    Dex: 14    Spells: 11/42 levels left

rFire   + . .      SeeInvis +   y - +1 dagger (venom)
rCold   . . .      Faith    .   (no shield)
rNeg    . . .      Spirit   .   (helmet restricted)
rPois   .          Reflect  .   w - amulet of regeneration
rElec   .          Harm     .   x - ring of see invisible
rCorr   .          Rampage  .   A - +4 ring of evasion
Will    +....                   b - ring of protection from fire
Stlth   +++++++...              I - ring of wizardry
HPRegen 1.04/turn               (no ring)
MPRegen 0.23/turn               (no ring)
                                (no ring)
                                (no ring)

@: channelling, very slightly contaminated, hasted, very quick
A: almost no armour, amphibious, 8 rings, camouflage 1, gelatinous body 1,
(nimble swimmer 1), tentacles
a: Renounce Religion, Channel Magic, Forget Spell, Divine Exegesis


You were on level 12 of the Dungeon.
You worshipped Sif Muna.
Sif Muna was greatly pleased with you.
You visited 3 branches of the dungeon, and saw 19 of its levels.
You also visited: Sewer and Ice Cave.

You collected 1927 gold pieces.

Inventory:

Hand Weapons
 a - the +0 shortbow of Severance {vorpal, rElec rN+}
   (You found it in a sewer)

   Any ammunition fired from it inflicts extra damage upon your enemies.
   rElec:     It insulates you from electricity.
   rN:        It protects you from negative energy.
 y - a +1 dagger of venom (weapon)
 M - the +6 shortbow of the Many Beggars {flame, rC- rCorr Int+2 Dex+6}
   (You found it in an ice cave)

   Any ammunition fired from it burns those it strikes, dealing additional fire
   damage.
   Int:       It affects your intelligence (+2).
   Dex:       It affects your dexterity (+6).
   rC:        It makes you vulnerable to cold.
   rCorr:     It protects you from acid and corrosion.
 P - the +9 great mace of Iroqoa {flame, rC+ Will+ Str-3}
   (You found it on level 2 of the Lair of Beasts)

   It burns those it strikes, dealing additional fire damage.
   Str:       It affects your strength (-3).
   rC:        It protects you from cold.
   Will:      It increases your willpower.
 T - the +7 scimitar "Nudeaso" {venom, rPois rN++ Int-3 Stlth+}
   (You found it on level 5 of the Lair of Beasts)

   It poisons the flesh of those it strikes.
   Int:       It affects your intelligence (-3).
   rPois:     It protects you from poison.
   rN:        It greatly protects you from negative energy.
   Stlth:     It makes you more stealthy.
 X - a +2 dagger of speed
Missiles
 e - a throwing net
 l - 20 poisoned darts
 q - 217 stones
Armour
 i - the +3 hat of Pondering {ponderous, Will+ MP+10 Int+5}
   (You took it off Gastronok on level 10 of the Dungeon)

   Int:       It affects your intelligence (+5).
   MP:        It affects your magic capacity (+10).
   Will:      It increases your willpower.
 L - a +2 kite shield of cold resistance
Magical Staves
 c - a staff of earth
Jewellery
 b - a ring of protection from fire (on tentacle)
 w - an amulet of regeneration (around mantle)
 x - a ring of see invisible (left tentacle)
 A - a +4 ring of evasion (right tentacle)
 G - an amulet of guardian spirit
 I - a ring of wizardry (on tentacle)
 S - a ring of resist corrosion
 W - a ring of poison resistance
Wands
 g - a wand of flame (11)
 F - a wand of polymorph (6)
 H - a wand of iceblast (14)
 N - a wand of paralysis (8)
Scrolls
 d - 4 scrolls of amnesia
 k - 3 scrolls of enchant armour
 o - 2 scrolls of vulnerability
 s - a scroll of immolation {unknown}
 v - 3 scrolls of enchant weapon
 E - 3 scrolls of fog {unknown}
 K - 4 scrolls of identify
 O - 4 scrolls of fear {unknown}
 Q - a scroll of holy word {unknown}
 R - a scroll of torment {unknown}
 U - 2 scrolls of magic mapping {unknown}
Potions
 f - 8 potions of curing
 h - 3 potions of attraction
 j - 3 potions of lignification {unknown}
 m - 2 potions of invisibility {unknown}
 p - 7 potions of mutation {unknown}
 t - a potion of degeneration {unknown}
 u - 3 potions of flight {unknown}
 z - 3 potions of resistance {unknown}
 B - a potion of berserk rage {unknown}
 C - 3 potions of brilliance {unknown}
 D - 2 potions of cancellation {unknown}


   Skills:
 - Level 5.0 Fighting
 - Level 5.0 Short Blades
 - Level 6.0 Dodging
 - Level 15.0 Stealth
 + Level 14.7 Spellcasting
 - Level 6.0 Conjurations
 - Level 6.0 Transmutations
 - Level 2.0 Ice Magic
 - Level 4.0 Air Magic
 + Level 11.5 Earth Magic
 - Level 2.0 Poison Magic
 - Level 5.0 Invocations


You had 11 spell levels left.
You knew the following spells:

 Your Spells              Type           Power      Damage    Failure   Level
a - Sandblast             Erth           100%       2d20      1%          1
b - Mephitic Cloud        Conj/Pois/Air  32%        N/A       1%          3
f - Ignite Poison         Fire/Tmut/Pois 26%        N/A       1%          3
i - Iron Shot             Conj/Erth      25%        9d5       7%          6
p - Petrify               Tmut/Erth      51%        N/A       1%          4
s - Statue Form           Tmut/Erth      34%        N/A       7%          6
u - Freezing Cloud        Conj/Ice/Air   16%        6-21      9%          5
w - Stone Arrow           Conj/Erth      100%       3d13      1%          3

Your spell library contained the following spells:

 Spells                   Type           Power      Damage    Failure   Level
 Freeze                   Ice            92%        1d10      1%          1
 Corpse Rot               Necr/Air       46%        N/A       1%          2
 Passwall                 Tmut/Erth      42%        N/A       1%          2
 Poisonous Vapours        Pois/Air       56%        N/A       1%          2
 Wereblood                Tmut           40%        N/A       1%          2
 Leda's Liquefaction      Hex/Erth       19%        N/A       1%          4
 Frozen Ramparts          Ice            46%        1d6       2%          3
 Hailstorm                Conj/Ice       32%        3d8       3%          4
 Ice Form                 Ice/Tmut       32%        N/A       3%          4
 Call Canine Familiar     Summ           15%        N/A       4%          3
 Inner Flame              Hex/Fire       15%        N/A       4%          3
 Portal Projectile        Hex/Tloc       30%        N/A       4%          3
 Tukima's Dance           Hex            15%        N/A       4%          3
 Blade Hands              Tmut           20%        N/A       4%          5
 Alistair's Intoxication  Tmut/Pois      21%        N/A       9%          5
 Anguish                  Hex/Necr       7%         N/A       16%         4
 Cause Fear               Hex            7%         N/A       16%         4
 Passage of Golubria      Tloc           15%        N/A       16%         4
 Silence                  Hex/Air        11%        N/A       19%         5
 Simulacrum               Ice/Necr       9%         N/A       82%         6
 Lehudib's Crystal Spear  Conj/Erth      25%        10d7      94%         8
 Enfeeble                 Hex            7%         N/A       100%        7
 Malign Gateway           Summ/Tloc      7%         N/A       100%        7
 Discord                  Hex            7%         N/A       100%        8
 Summon Horrible Things   Summ           7%         N/A       100%        8
 Animate Armour           Summ/Erth      Unusable   N/A       N/A         4

Dungeon Overview and Level Annotations

Branches:
Dungeon (12/15)            Temple (1/1) D:5            Lair (6/6) D:11
  Swamp (0/4) Lair:4        Snake (0/4) Lair:2        Slime (0/5) Lair:5
    Orc (0/2) D:12          Sewer (visited)           IceCv (visited)

Altars:
Ashenzari
Cheibriados
Dithmenos
Elyvilon
Fedhas
Gozag
Hepliaklqana
Kikubaaqudgha
Makhleb
Nemelex Xobeh
Okawaru
Qazlal
Ru
Sif Muna
Trog
Uskayaw
Vehumet
Wu Jian
Xom
Yredelemnul
Zin
The Shining One
Jiyva

Shops:
D:5 :

Annotations:
D:1 Terence
D:6 Dowan, Duvessa
Lair:2 exclusion: downstairs
Lair:5 1 runed translucent door
Lair:6 1 runed translucent door, exclusion: obsidian statue, Razfen's ghost, journeyman GnWn


Innate Abilities, Weirdness & Mutations

You cannot wear most types of armour.
You are amphibious.
You can wear up to eight rings at the same time.
Your skin changes colour to match your surroundings (Stealth+).
Your rubbery body absorbs attacks. (AC +1, EV +1)
((You are camouflaged when in or above water. (Stealth+)))
You have tentacles for arms and can constrict up to eight enemies at once.


Message History

Casting: Iron Shot (dangerous; 7% risk of failure)
Confirm with . or Enter, or press ? or * to list all spells.
You don't have enough magic to cast this spell.
The fire giant is engulfed in freezing vapours.
Casting: Iron Shot (dangerous; 7% risk of failure)
Confirm with . or Enter, or press ? or * to list all spells.
Aiming: Iron Shot (dangerous; 7% risk of failure)
Press: ? - help, Shift-Dir - straight line, f/p - fire giant
Aim: a fire giant, wielding a +1 great sword of flaming (heavily wounded, 94% to hit)
You miscast Iron Shot.
You are very lightly contaminated with residual magic.
A wave of violent energy washes through your body!
Casting: Iron Shot (dangerous; 7% risk of failure)
Confirm with . or Enter, or press ? or * to list all spells.
Aiming: Iron Shot (dangerous; 7% risk of failure)
Press: ? - help, Shift-Dir - straight line, f/p - fire giant
Aim: a fire giant, wielding a +1 great sword of flaming (freezing vapour, heavily wounded, 94% to hit)
The iron shot hits the fire giant!
The fire giant is heavily wounded.
The fire giant is engulfed in freezing vapours.
The fire giant casts a spell at you.
The fireball explodes!
The fireball engulfs you!! You resist.
You hear a shout! x3
Casting: Iron Shot (dangerous; 7% risk of failure)
Confirm with . or Enter, or press ? or * to list all spells.
You don't have enough magic to cast this spell.
Unknown command.
The fire giant is engulfed in freezing vapours.
The fire giant gestures at you while chanting.
The bolt of fire hits you!! You resist.
* * * LOW HITPOINT WARNING * * *
Unknown command.
Okay, then.
Okay, then.
Okay, then.
You feel yourself speed up.
The fire giant is engulfed in freezing vapours.
The fire giant points at you and mumbles some strange words.
The bolt of fire hits you!! You resist.
You die...

.# .# #####.###### .
########........... ..#.
....[............#.#### ...
#..)......(>.........##.#
##..###...##.#####...(...#
ey......(......D.###.....#.#
####
.#.y###...##.###@##......#.#
#... e...#
##<.##.....)[......#.# #.##
.#.## ##>######.##.....##.#
#.# .#.# #.# #C##.÷...##.#
#.# ##.# #.# #.##.....##.#
#.# #.# #.#
§°§......<..###.## ..# .#
.☼§§..[.......).... .#
#####.#########)### .# ....
##.#...#.


You could see a fire giant and an eight-headed hydra.

Vanquished Creatures
  Gastronok (D:10)
  A reaper (IceCv)
  Snorg (D:11)
  4 dire elephants (Lair:6)
  11 hydras
  Erica (Lair:1)
  A death knight (D:12)
  2 two-headed ogres
  2 catoblepae
  2 death yaks (Lair:6)
  A spectral anaconda (Lair:6)
  A lindwurm (Lair:3)
  A deep elf pyromancer (D:12)
  4 necromancers (Lair:6)
  An orc sorcerer (D:12)
  2 oklob plants (Lair:5)
  4 manticores
  A cyclops (D:12)
  5 elephants (Lair:6)
  A dire elephant zombie (Lair:6)
  An ice statue (IceCv)
  Joseph (Lair:1)
  A dire elephant skeleton (Lair:6)
  5 black mambas
  15 cane toads
  16 komodo dragons
  An unseen horror (D:12)
  A rime drake (Lair:3)
  A freezing wraith (IceCv)
  5 kobold demonologists
  An entropy weaver simulacrum (IceCv)
  3 trolls
  5 polar bears
  6 dream sheep (Lair:6)
  5 blink frogs (Lair:1)
  2 wyverns
  2 wraiths
  3 shadows
  2 basilisks
  30 yaks
  Eustachio (D:4)
  A steam dragon (D:7)
  3 vampire mosquitoes (D:12)
  2 death yak simulacra (IceCv)
  2 spectral cane toads (Lair:6)
  2 swamp worms (Lair:4)
  5 acid dragons
  6 nagas (Lair:2)
  17 water moccasins
  4 orc warriors
  9 black bears
  2 elephant zombies (Lair:6)
  A sky beast (D:7)
  2 ogres
  4 boggarts (Lair:5)
  7 wolves
  2 centaurs
  2 phantoms
  3 kobold brigands
  A gnoll sergeant (D:12)
  13 bullfrogs
  5 two-headed ogre simulacra (IceCv)
  A wyvern zombie (D:4)
  A cane toad simulacrum (IceCv)
  3 scorpions
  A water moccasin zombie (D:5)
  6 elephant simulacra
  8 killer bees
  10 wights
  An electric eel (Lair:1)
  3 howler monkeys
  7 centaur zombies
  5 hounds
  10 orc priests
  2 bullfrog zombies
  3 gnoll shamans
  A jelly (D:6)
  Natasha (thrice) (D:2)
  4 iguanas
  2 orc wizards
  11 hell rats
  A spriggan simulacrum (IceCv)
  4 troll simulacra (IceCv)
  A polar bear simulacrum (IceCv)
  4 wolf simulacra
  A hound zombie (D:5)
  A hound skeleton (D:4)
  2 howler monkey zombies
  22 gnolls
  7 adders
  12 naga simulacra (IceCv)
  10 river rats
  7 white imps
  4 ufetubi (IceCv)
  An adder skeleton (D:2)
  5 worms
  2 dart slugs
  30 orcs
  10 bats
  4 endoplasms
  5 giant cockroaches
  5 goblins
  4 hobgoblins
  4 jackals
  3 quokkas
  12 ball pythons
  6 frilled lizards
  20 kobolds
  8 rats
524 creatures vanquished.

Vanquished Creatures (others)
  An orc wizard (D:5)
  An orc (D:12)
  66 fungi
  93 plants
  13 withered plants (Lair:6)
174 creatures vanquished.

Grand Total: 698 creatures vanquished

Notes
Turn   | Place    | Note
-------+----------+-------------------------------------------
     0 | D:1      | Atelerd the Octopode Earth Elementalist began the quest for
                  | the Orb.
     0 | D:1      | Reached XP level 1. HP: 11/11 MP: 3/3
   619 | D:1      | Reached XP level 2. HP: 16/17 MP: 1/5
   949 | D:1      | Found a faded altar of an unknown god.
  1173 | D:1      | Found a viscous altar of Jiyva.
  1596 | D:2      | Noticed Terence
  1599 | D:2      | Reached skill level 3 in Stealth
  1885 | D:2      | Noticed Natasha
  1892 | D:2      | Killed Natasha
  1893 | D:2      | Reached XP level 3. HP: 14/21 MP: 0/6
  2095 | D:2      | Reached XP level 4. HP: 27/27 MP: 3/7
  2178 | D:2      | Noticed Natasha
  2184 | D:2      | Killed Natasha
  2362 | D:2      | Noticed Natasha
  2367 | D:2      | Killed Natasha
  2545 | D:2      | Reached skill level 4 in Stealth
  2545 | D:2      | Reached XP level 5. HP: 27/31 MP: 5/9
  3234 | D:3      | Found a hazy altar of Hepliaklqana.
  3574 | D:3      | Found a glowing drain.
  3583 | Sewer    | Entered a sewer
  3589 | Sewer    | Learned a level 4 spell: Petrify
  3593 | Sewer    | Learned a level 3 spell: Stone Arrow
  3733 | Sewer    | Noticed a kobold brigand
  3810 | Sewer    | Killed a kobold brigand
  3811 | Sewer    | Reached XP level 6. HP: 36/36 MP: 6/10
  3904 | Sewer    | Identified the +0 shortbow of Severance {vorpal, rElec rN+}
  4053 | Sewer    | Reached skill level 5 in Stealth
  4616 | D:4      | Noticed Eustachio
  4628 | D:4      | Killed Eustachio
  4629 | D:4      | Reached XP level 7. HP: 32/41 MP: 8/12
  5165 | D:4      | Reached skill level 5 in Earth Magic
  6205 | D:5      | Entered Level 5 of the Dungeon
  6211 | D:5      | Found Ogrui's Book Shoppe.
  6219 | D:5      | Reached skill level 1 in Short Blades
  6355 | D:5      | Reached skill level 6 in Stealth
  6416 | D:5      | Reached skill level 1 in Conjurations
  6416 | D:5      | Reached XP level 8. HP: 29/46 MP: 1/14
  6631 | D:5      | Noticed a troll
  6692 | D:5      | Killed a troll
  6693 | D:5      | Reached skill level 5 in Transmutations
  6821 | D:5      | Reached skill level 7 in Stealth
  6863 | D:5      | Reached skill level 5 in Spellcasting
  7635 | D:5      | Reached XP level 9. HP: 42/51 MP: 11/19
  8764 | D:6      | Noticed Duvessa
  8764 | D:6      | Noticed Dowan
  9436 | D:7      | Reached skill level 10 in Spellcasting
  9599 | D:7      | Reached XP level 10. HP: 53/56 MP: 24/24
 10071 | D:8      | Reached skill level 1 in Fighting
 10561 | D:8      | Identified a scroll of acquirement
 10562 | D:8      | Acquired 447 gold pieces
 11545 | D:9      | Noticed a manticore
 11557 | D:9      | Killed a manticore
 12378 | D:5      | Found a staircase to the Ecumenical Temple.
 12398 | Temple   | Entered the Ecumenical Temple
 12474 | Temple   | Became a worshipper of Sif Muna the Loreminder
 12790 | D:10     | Entered Level 10 of the Dungeon
 12848 | D:10     | Learned a level 3 spell: Mephitic Cloud
 12852 | D:10     | Learned a level 3 spell: Ignite Poison
 12886 | D:10     | Reached skill level 5 in Dodging
 13219 | D:10     | Noticed Gastronok
 13261 | D:10     | Killed Gastronok
 13262 | D:10     | Reached XP level 11. HP: 64/64 MP: 4/26
 14179 | D:11     | Noticed a two-headed ogre
 14191 | D:11     | Killed a two-headed ogre
 14192 | D:11     | Reached skill level 1 in Invocations
 14270 | D:11     | Noticed a manticore
 14276 | D:11     | Noticed Snorg
 14279 | D:11     | Killed a manticore
 14279 | D:11     | Reached * piety under Sif Muna
 14295 | D:11     | Killed Snorg
 14630 | D:11     | Reached skill level 8 in Stealth
 14737 | D:11     | Found a staircase to the Lair.
 15546 | D:12     | Found a staircase to the Orcish Mines.
 15548 | D:12     | Noticed a cyclops
 15553 | D:12     | Killed a cyclops
 15554 | D:12     | Reached skill level 5 in Short Blades
 15554 | D:12     | Reached XP level 12. HP: 74/74 MP: 24/28
 15589 | D:12     | Noticed a boulder beetle
 15596 | D:12     | Noticed a two-headed ogre
 15608 | D:12     | Killed a two-headed ogre
 15769 | D:12     | Noticed a death knight
 15777 | D:12     | Noticed a boulder beetle
 15801 | D:12     | Killed a death knight
 15802 | D:12     | Reached skill level 9 in Stealth
 15831 | D:12     | Noticed a centaur warrior
 15831 | D:12     | Noticed a two-headed ogre
 15838 | D:12     | Noticed an eight-headed hydra
 15849 | D:12     | Noticed a boulder beetle
 16009 | D:12     | Noticed a fire dragon
 16012 | D:12     | HP: 3/75 [acid dragon/splash of acid (27)]
 16013 | D:12     | Noticed an eight-headed hydra
 16151 | Lair:1   | Entered Level 1 of the Lair of Beasts
 16157 | Lair:1   | Noticed Joseph
 16160 | Lair:1   | Killed Joseph
 16161 | Lair:1   | Reached skill level 5 in Fighting
 16310 | Lair:1   | Reached skill level 5 in Invocations
 16422 | Lair:1   | Reached skill level 10 in Stealth
 16422 | Lair:1   | Noticed Erica
 16440 | Lair:1   | Killed Erica
 16684 | Lair:1   | Reached ** piety under Sif Muna
 16728 | Lair:1   | Reached skill level 11 in Stealth
 16928 | Lair:1   | Noticed a six-headed hydra
 16944 | Lair:1   | Killed a six-headed hydra
 17036 | Lair:1   | Noticed a five-headed hydra
 17049 | Lair:1   | Killed a five-headed hydra
 17318 | Lair:1   | Reached skill level 12 in Stealth
 17369 | Lair:1   | Reached XP level 13. HP: 81/81 MP: 11/30
 17848 | Lair:1   | Learned a level 5 spell: Freezing Cloud
 17873 | Lair:2   | Found a frozen archway.
 17894 | IceCv    | Entered an ice cave
 17903 | IceCv    | Learned a level 6 spell: Iron Shot
 18039 | IceCv    | Reached skill level 1 in Ice Magic
 18119 | IceCv    | Reached skill level 1 in Air Magic
 18127 | IceCv    | Reached *** piety under Sif Muna
 18480 | IceCv    | Noticed a reaper
 18800 | IceCv    | Killed a reaper
 18956 | IceCv    | Identified the +6 shortbow of the Many Beggars {flame, rC-
                  | rCorr Int+2 Dex+6}
 19506 | Lair:2   | Found a staircase to the Snake Pit.
 19555 | Lair:2   | Reached **** piety under Sif Muna
 20001 | Lair:2   | Reached skill level 13 in Stealth
 20156 | Lair:2   | Identified the +9 great mace of Iroqoa {flame, rC+ Will+
                  | Str-3}
 21538 | Lair:3   | Reached skill level 14 in Stealth
 22243 | Lair:4   | Reached ***** piety under Sif Muna
 22486 | Lair:4   | Reached XP level 14. HP: 88/88 MP: 31/31
 23155 | Lair:4   | Reached skill level 10 in Earth Magic
 23156 | Lair:4   | Reached skill level 15 in Stealth
 23273 | Lair:4   | Reached skill level 1 in Poison Magic
 23901 | Lair:4   | Found a staircase to the Swamp.
 24043 | Lair:5   | Identified the +7 scimitar "Nudeaso" {venom, rPois rN++
                  | Int-3 Stlth+}
 24130 | Lair:5   | Received a gift from Sif Muna
 24132 | Lair:5   | Got Sif Muna's Incunabulum of Moulding {god gift}
 24140 | Lair:5   | Learned a level 6 spell: Statue Form
 24608 | Lair:5   | Found a runed translucent door.
 24608 | Lair:5   | Found a viscous altar of Jiyva.
 24608 | Lair:5   | Found a staircase to the Slime Pits.
 24979 | Lair:5   | Found a blossoming altar of Fedhas.
 25218 | Lair:6   | Entered Level 6 of the Lair of Beasts
 25551 | Lair:6   | Reached skill level 5 in Conjurations
 25800 | Lair:6   | Found a runed translucent door.
 25808 | Lair:6   | Found a shimmering altar of Xom.
 25808 | Lair:6   | Noticed Razfen's ghost (journeyman GnWn)
 26006 | Lair:6   | Noticed a dire elephant
 26008 | Lair:6   | Noticed a dire elephant
 26008 | Lair:6   | Noticed a dire elephant
 26157 | Lair:6   | Noticed a dire elephant
 26176 | Lair:6   | Killed a dire elephant
 26941 | Lair:6   | Killed a dire elephant
 26949 | Lair:6   | Killed a dire elephant
 26951 | Lair:6   | Killed a dire elephant
 28080 | D:12     | Noticed a fire giant
 28087 | D:12     | Killed from afar by a fire giant

Illustrated notes

Levels and vault maps discovered:
D:1:      erik_arrival_cave_to_civilisation [erik_arrival_cave_to_temple],
          layout_basic, shapermc_ecumenical_altar_pompeii, item_on_display_a
D:2:      layout_basic, uniq_terence, uniq_natasha
D:3:      layout_basic, mainiacjoe_overflow_24_doors, gup_sewer_entry_bubbles
D:4:      layout_loops_cross, uniq_eustachio
D:5:      layout_loops_ring, temple_hall, serial_shops, shop,
          minmay_divided_ellipse
D:6:      layout_loops_ring, uniq_duvessa
D:7:      layout_loops_cross
D:8:      layout_gridville
D:9:      layout_loops_corners
D:10:     layout_stronghold, uniq_gastronok
D:11:     layout_loops_ring, due_lair_maze_entry_diamond,
          kennysheep_generic_room_3, uniq_snorg
D:12:     minmay_the_grid_3x3 [minmay_the_grid_armoury, minmay_the_grid_fan,
          minmay_the_grid_garden, minmay_the_grid_diamond_grid,
          minmay_the_grid_eight, minmay_the_grid_zigzag_pyramid,
          minmay_the_grid_spin_star, minmay_the_grid_minigrid_small_alt,
          minmay_the_grid_prize_shrinking_boxes], layout_loops_ring
Temple:   mainiacjoe_temple_hex_bubbles
Lair:1:   cheibrodos_lair_river_kwai, layout_chaotic_city, serial_bayou_shore_b,
          grunt_megastairs_4, serial_bayou_shore_a, uniq_joseph, uniq_erica
Lair:2:   layout_layer_cave, minmay_snake_entry_guardpost_medium,
          portal_ice_cave_entry_ice_simulacra, kennysheep_abandoned_house
Lair:3:   layout_regular_city, beast_lair_carwin_3, serial_bayou_shore_b,
          grunt_megastairs_1
Lair:4:   layout_small_grid, palyth_hydra_swamp_entry, st_stairs_10,
          lemuel_fruit_tree, lemuel_fruit_fields, infiniplex_staircase_pool_2,
          grunt_megastairs_2
Lair:5:   layout_cave_pods, slime_altar_2, hangedman_tree_tricks,
          kilobyte_rumbling_trees
Lair:6:   due_jungle_book, layout_regular_city, ebering_ghost_xom

Skill      XL: |  1  2  3  4  5  6  7  8  9 10 11 12 13 14 |
---------------+-------------------------------------------+-----
Stealth        | 3 4 5 6 7 8 12 14 15 | 15.0
Transmutations | 2 3 4 5 6 |  6.0
Earth Magic    | 4 5 9 11 | 11.5
Spellcasting   | 3 4 6 10 11 12 13 14 | 14.7
Short Blades   | 1 2 5 |  5.0
Conjurations   | 1 2 4 6 |  6.0
Fighting       | 2 3 5 |  5.0
Dodging        | 6 |  6.0
Invocations    | 3 5 |  5.0
Ice Magic      | 2 |  2.0
Air Magic      | 4 |  4.0
Poison Magic   | 2 |  2.0

Action                   |  1- 3 |  4- 6 |  7- 9 | 10-12 | 13-15 || total
-------------------------+-------+-------+-------+-------+-------++-------
Melee: Dagger            |    29 |   120 |   110 |   156 |   173 ||   588
       Constrict         |     9 |    32 |    30 |    22 |    17 ||   110
       Tentacles         |     8 |    30 |    42 |    43 |    47 ||   170
       Punch             |     1 |     1 |     1 |     5 |     2 ||    10
Throw: Dart              |       |     2 |       |       |       ||     2
 Cast: Sandblast         |    28 |    22 |    94 |    81 |   126 ||   351
       Petrify           |       |     3 |    18 |    70 |    56 ||   147
       Stone Arrow       |       |     1 |    58 |    37 |    94 ||   190
       Mephitic Cloud    |       |       |       |    39 |    16 ||    55
       Ignite Poison     |       |       |       |    22 |    20 ||    42
       Freezing Cloud    |       |       |       |       |    56 ||    56
       Iron Shot         |       |       |       |       |    14 ||    14
       Statue Form       |       |       |       |       |     6 ||     6
Invok: Channel Magic     |       |       |       |     4 |     3 ||     7
Evoke: Wand              |       |       |     1 |     5 |     4 ||    10
  Use: Scroll            |       |     5 |     1 |    15 |     1 ||    22
       Potion            |       |       |     1 |     5 |     6 ||    12
 Stab: Sleeping          |     2 |    16 |     8 |    12 |    32 ||    70
       Petrified         |       |    15 |    16 |    95 |    39 ||   165
       Distracted        |       |       |       |     3 |       ||     3
       Confused          |       |       |       |     2 |       ||     2
       Paralysed         |       |       |       |       |     1 ||     1
Armor: Skin              |     6 |    10 |     6 |     3 |    50 ||    75
Dodge: Dodged            |    25 |    63 |    92 |   163 |   191 ||   534
